 Dungeon Crawl Stone Soup version 0.20.0-7-g3b7b877 (webtiles) character file.

1709 Manul the Sneak (level 9, -5/54 HPs)
             Began as an Octopode Ice Elementalist on May 28, 2017.
             Was a Believer of Dithmenos.
             Slain by an orc warrior
             ... wielding a +0 glaive
              (17 damage)
             ... on level 6 of the Dungeon.
             The game lasted 00:12:05 (5720 turns).

Manul the Sneak (Octopode Ice Elementalist)         Turns: 5720, Time: 00:12:05

Health: -5/54      AC:  1    Str:  5 (8)  XL:     9   Next: 3%
Magic:  17/17      EV: 15    Int: 16 (17) God:    Dithmenos [**....]
Gold:   198        SH:  0    Dex: 14 (17) Spells: 5/19 levels left

rFire    . . .     SeeInvis +   x - +0 rapier
rCold    . . .     Gourm    .   (no shield)
rNeg     . . .     Faith    .   (helmet restricted)
rPois    .         Spirit   .   (no amulet)
rElec    .         Reflect  .   k - ring of see invisible
rCorr    .         Harm     .   (no ring)
MR       .....                  (no ring)
Stlth    +++++.....             (no ring)
Regen    0.2/turn               (no ring)
MPRegen  0.2/turn               (no ring)
                                (no ring)
                                (no ring)

@: wreathed by umbra
A: almost no armour, stealthy swim, amphibious, 8 rings, constrict 8, beak,
camouflage 1, agile 1, blink, gelatinous body 1
a: Blink, Shadow Step, Renounce Religion


You were on level 6 of the Dungeon.
You worshipped Dithmenos.
Dithmenos was pleased with you.
You were very hungry.

You visited 1 branch of the dungeon, and saw 6 of its levels.

You collected 198 gold pieces.

Inventory:

Hand Weapons
 e - a +0 scythe
 h - a +0 whip
 i - a +0 dagger
 q - a +0 shortbow
 x - a +0 rapier (weapon)
 y - a +0 hand crossbow
Missiles
 w - 32 arrows
 z - 46 bolts
Jewellery
 k - a ring of see invisible (left tentacle)
Wands
 n - a wand of polymorph (15/24)
Scrolls
 c - a scroll of immolation {unknown}
 d - 4 scrolls of identify
 f - a scroll of fear {unknown}
 o - a scroll of random uselessness {unknown}
 p - 5 scrolls of remove curse {unknown}
 s - a scroll of teleportation {unknown}
 t - a scroll of magic mapping {unknown}
 u - 2 scrolls of enchant weapon {unknown}
 v - a scroll of enchant armour {unknown}
Potions
 l - a potion of might
 r - a potion of brilliance
Books
 a - a book of Frost

   Spells                             Type                      Level
   a - Freeze                         Ice                          1
   b - Throw Frost                    Conjuration/Ice              2
   c - Ozocubu's Armour               Charms/Ice                   3
   d - Throw Icicle                   Conjuration/Ice              4
   e - Summon Ice Beast               Ice/Summoning                4
Comestibles
 b - 2 bread rations
 g - 3 royal jellies
 j - 3 meat rations
 m - 4 fruits


   Skills:
 + Level 2.2 Fighting
 + Level 3.5 Short Blades
 * Level 1.6 Crossbows
 + Level 4.4 Dodging
 + Level 6.7 Stealth
 + Level 5.6 Spellcasting
 - Level 1.2 Conjurations
 + Level 1.8 Charms
 - Level 5.8 Ice Magic


You had 5 spell levels left.
You knew the following spells:

 Your Spells              Type           Power        Failure   Level  Hunger
a - Freeze                Ice            ###.         1%          1    None
b - Throw Frost           Conj/Ice       ###...       4%          2    #......
c - Ozocubu's Armour      Chrm/Ice       ###.....     9%          3    ##.....
d - Throw Icicle          Conj/Ice       ###.....     32%         4    ####...
e - Summon Ice Beast      Ice/Summ       ##......     38%         4    ####...


Dungeon Overview and Level Annotations

Branches:
Dungeon (6/15)             Temple (0/1) D:4

Altars:
Cheibriados
Dithmenos
Elyvilon
Makhleb
Nemelex Xobeh
Trog
Yredelemnul
Zin
The Shining One


Innate Abilities, Weirdness & Mutations

You cannot wear most types of armour.
You are very stealthy in the water. (Stealth+)
You are amphibious.
You can wear up to eight rings at the same time.
You can use your tentacles to constrict eight enemies at once.
Your skin changes colour to match your surroundings (Stealth+).
Your rubbery body absorbs attacks. (AC +1, EV +1)
You have a beak for a mouth.
You are agile. (Dex +2)
You can translocate small distances at will.


Message History

You hit the orc warrior.
You peck the orc warrior, but do no damage.
The orc warrior is moderately wounded.
You constrict the orc warrior.
The orc warrior hits you with a glaive!!
* * * LOW HITPOINT WARNING * * *
You are too injured to fight recklessly!
Casting: Freeze
Confirm with . or Enter, or press ? or * to list all spells.
Okay, then.
It was a potion of degeneration.
There was something very wrong with that liquid.
You feel weakened.
You feel dopey.
You feel clumsy.
You constrict the orc warrior, but do no damage.
Okay, then.
You release your grip on the orc warrior.
The orc warrior barely misses you.
There is a stone staircase leading up here.
The orc warrior hits you from afar with a glaive!
You die...

######### #.. .....
##.##.....
#####.........
........[....
#/#..........#
#...........
#.<@.......
##......$....###
#.###..#o####.#.....
#........# ##.#...^.
#.###....###..#.....
#............:..
#...............
#.#.####..###..
#.#.# #))#


You could see an orc warrior.

Vanquished Creatures
  The ghost of Sanvar the Grasshopper, an amateur NaWr (D:4)
  Sigmund (D:2)
  Eustachio (D:5)
  Menkaure (D:5)
  A water moccasin (D:5)
  A sky beast (D:6)
  A centaur (D:5)
  A scorpion (D:4)
  2 crimson imps (D:5)
  A centaur zombie (D:5)
  3 orc priests (D:4)
  A centaur skeleton (D:4)
  3 hounds (D:5)
  An orc wizard (D:4)
  Crazy Yiuf (D:2)
  Ijyb (D:5)
  Terence (D:2)
  Natasha (thrice) (D:2)
  A worker ant (D:5)
  A hound zombie (D:5)
  2 hound skeletons
  Robin (D:2)
  8 adders
  2 oozes
  2 worms
  3 dart slugs
  3 leopard geckos
  15 orcs
  2 giant cockroaches (D:1)
  10 goblins
  9 hobgoblins
  7 jackals
  A quokka (D:4)
  A ball python (D:1)
  6 bats
  7 frilled lizards
  11 kobolds
  6 rats
123 creatures vanquished.

Notes
Turn   | Place    | Note
-------+----------+-------------------------------------------
     0 | D:1      | Manul the Octopode Ice Elementalist began the quest for the Orb.
     0 | D:1      | Reached XP level 1. HP: 11/11 MP: 3/3
     1 | D:1      | Found a glowing silver altar of Zin.
   165 | D:1      | You fall through a shaft!
   325 | D:1      | Reached XP level 2. HP: 10/17 MP: 1/5
   563 | D:1      | Reached XP level 3. HP: 10/21 MP: 0/6
   788 | D:1      | Learned a level 2 spell: Throw Frost
   792 | D:1      | Learned a level 3 spell: Ozocubu's Armour
  1482 | D:2      | Reached skill level 3 in Stealth
  1482 | D:2      | Reached XP level 4. HP: 25/27 MP: 3/7
  1499 | D:2      | Noticed Natasha
  1595 | D:2      | Killed Natasha
  1730 | D:2      | Found a basalt altar of Yredelemnul.
  1737 | D:2      | Found a sparkling altar of Nemelex Xobeh.
  1738 | D:2      | Found a shadowy altar of Dithmenos.
  1739 | D:2      | Found a glowing golden altar of the Shining One.
  1739 | D:2      | Found a burning altar of Makhleb.
  1741 | D:2      | Found a bloodstained altar of Trog.
  1741 | D:2      | Found a white marble altar of Elyvilon.
  1742 | D:2      | Found a snail-covered altar of Cheibriados.
  1751 | D:2      | Became a worshipper of Dithmenos the Shadowed
  1788 | D:2      | Noticed Terence
  1794 | D:2      | Noticed Natasha
  1825 | D:2      | Killed Terence
  1825 | D:2      | Reached XP level 5. HP: 19/32 MP: 2/9
  1831 | D:2      | Killed Natasha
  2009 | D:2      | Noticed Sigmund
  2012 | D:2      | Noticed Natasha
  2060 | D:2      | Killed Sigmund
  2060 | D:2      | Reached skill level 1 in Charms
  2060 | D:2      | Reached XP level 6. HP: 12/37 MP: 0/11
  2210 | D:2      | Killed Natasha
  2391 | D:2      | Found a runed door.
  2584 | D:2      | Noticed Robin
  2593 | D:2      | Reached skill level 5 in Ice Magic
  2607 | D:2      | Killed Robin
  2730 | D:2      | Noticed Crazy Yiuf
  2737 | D:2      | Killed Crazy Yiuf
  2891 | D:3      | Reached skill level 4 in Stealth
  2932 | D:3      | Reached * piety under Dithmenos
  3253 | D:4      | Reached XP level 7. HP: 42/42 MP: 13/13
  3255 | D:4      | Reached skill level 1 in Short Blades
  3406 | D:4      | Noticed Sanvar's ghost (amateur NaWr)
  3431 | D:4      | Gained mutation: Your mind is acute. (Int +2) [potion of mutation]
  3431 | D:4      | Gained mutation: Your spells are a little easier to cast, but a little less powerful. [potion of mutation]
  3431 | D:4      | Gained mutation: One of your tentacles bears a spike. [potion of mutation]
  3432 | D:4      | Lost mutation: One of your tentacles bears a spike. [potion of mutation]
  3432 | D:4      | Lost mutation: Your mind is acute. (Int +2) [potion of mutation]
  3432 | D:4      | Lost mutation: Your spells are a little easier to cast, but a little less powerful. [potion of mutation]
  3432 | D:4      | Gained mutation: You have a beak for a mouth. [potion of mutation]
  3432 | D:4      | Gained mutation: You can translocate small distances at will. [potion of mutation]
  3432 | D:4      | Gained mutation: You are agile. (Dex +2) [potion of mutation]
  3929 | D:4      | Killed Sanvar's ghost
  3929 | D:4      | Reached skill level 1 in Fighting
  3929 | D:4      | Reached skill level 5 in Stealth
  3962 | D:4      | Found a staircase to the Ecumenical Temple.
  3977 | D:4      | Reached XP level 8. HP: 46/48 MP: 15/15
  4398 | D:5      | Entered Level 5 of the Dungeon
  4451 | D:5      | Noticed Menkaure
  4465 | D:5      | HP: 1/48 [Menkaure (7)]
  4467 | D:5      | Killed Menkaure
  4467 | D:5      | Reached skill level 6 in Stealth
  4467 | D:5      | Reached skill level 5 in Spellcasting
  4868 | D:5      | Noticed Eustachio
  4919 | D:5      | Killed Eustachio
  5485 | D:5      | Noticed Ijyb
  5494 | D:5      | Reached skill level 1 in Crossbows
  5505 | D:5      | Killed Ijyb
  5517 | D:5      | Learned a level 4 spell: Throw Icicle
  5522 | D:5      | Learned a level 4 spell: Summon Ice Beast
  5540 | D:5      | Reached ** piety under Dithmenos
  5682 | D:6      | Reached XP level 9. HP: 54/54 MP: 17/17
  5720 | D:6      | Slain by an orc warrior

Skill      XL: |  1  2  3  4  5  6  7  8 |
---------------+-------------------------+-----
Ice Magic      | 4 5 |  5.8
Stealth        | 3 4 5 6 |  6.7
Spellcasting   | 3 4 5 |  5.6
Charms         | 1 |  1.8
Dodging        | 3 4 |  4.4
Short Blades   | 2 3 |  3.5
Fighting       | 1 2 |  2.2
Crossbows      | 1 |  1.6
Conjurations   | |  1.2

Action                   |  1- 3 |  4- 6 |  7- 9 || total
-------------------------+-------+-------+-------++-------
Melee: Whip              |     8 |       |       ||     8
       Constrict         |     9 |    32 |    28 ||    69
       Unarmed           |     1 |       |       ||     1
       Dagger            |    20 |   108 |    98 ||   226
       Tentacles         |     2 |    21 |    32 ||    55
       Peck              |       |       |    29 ||    29
       Rapier            |       |       |    47 ||    47
 Cast: Freeze            |    34 |    35 |    22 ||    91
       Ozocubu's Armour  |       |     7 |     5 ||    12
       Throw Frost       |       |       |    11 ||    11
  Use: Scroll            |       |     1 |     1 ||     2
       Potion            |       |     3 |     8 ||    11
 Stab: Sleeping          |     4 |     6 |     9 ||    19
  Eat: Chunk             |     1 |     8 |     8 ||    17
Armor: Skin              |     4 |    28 |    14 ||    46
Dodge: Dodged            |    37 |   104 |   151 ||   292
